 Dungeon Crawl Stone Soup version 0.19-a0-713-g934ebc7 (webtiles) character file.

136 Ijustatesigmund the Conjurer (level 4, -5/24 HPs)
             Began as a Deep Elf Conjurer on June 20, 2016.
             Slain by an ogre
             ... wielding a +0 giant club
              (17 damage)
             ... on level 4 of the Dungeon.
             The game lasted 00:06:41 (2746 turns).

Ijustatesigmund the Conjurer (Deep Elf Conjurer)    Turns: 2746, Time: 00:06:41

Health: -5/24      AC:  2    Str:  5    XL:     4   Next: 98%
Magic:  5/10       EV: 14    Int: 20    God:
Gold:   157        SH:  0    Dex: 16    Spells: 3 memorised, 3 levels left

rFire  . . .     SeeInvis .     g - +0 short sword
rCold  . . .     Gourm    .     a - +0 robe
rNeg   . . .     Faith    .     (no shield)
rPois  .         Spirit   .     (no helmet)
rElec  .         Dismiss  .     (no cloak)
rCorr  .         Reflect  .     (no gloves)
SustAt .         Harm     .     (no boots)
MR     .....                    (no amulet)
Stlth  +++.......               (no ring)
                                (no ring)

@: not resistant to hostile enchantments, fairly stealthy
A: no striking features
a: no special abilities


You were on level 4 of the Dungeon.
You were hungry.

You visited 1 branch of the dungeon, and saw 4 of its levels.

You collected 157 gold pieces.

Inventory:

Hand Weapons
 g - a +0 short sword (weapon)
Armour
 a - a +0 robe (worn)
 e - a cursed +0 buckler
Scrolls
 f - a scroll of recharging
 j - a scroll of identify
Potions
 d - a potion of brilliance
 i - a potion of might
Books
 b - a book of Conjurations

   Spells                             Type                      Level
   a - Magic Dart                     Conjuration                  1
   b - Searing Ray                    Conjuration                  2
   c - Dazzling Spray                 Conjuration/Hexes            3
   d - Fulminant Prism                Conjuration/Hexes            4
   e - Iskenderun's Mystic Blast      Conjuration                  4
   f - Iskenderun's Battlesphere      Conjuration/Charms           5
Comestibles
 c - 2 bread rations
 h - 2 chunks of flesh


   Skills:
 - Level 2.0 Short Blades
 - Level 3.4 Dodging
 - Level 3.6 Stealth
 - Level 3.0 Spellcasting
 + Level 5.3 Conjurations
 + Level 1.5 Hexes


You had 3 spell levels left.
You knew the following spells:

 Your Spells              Type           Power        Failure   Level  Hunger
a - Magic Dart            Conj           ###.         1%          1    None
b - Searing Ray           Conj           ###...       2%          2    ##.....
c - Dazzling Spray        Conj/Hex       ###...       12%         3    ###....


Dungeon Overview and Level Annotations

Branches:
Dungeon (4/15)
 Temple: D:4-7

Altars:


Message History

The ogre misses you.
Casting: Dazzling Spray
Confirm with . or Enter, or press ? or * to list all spells.
Aiming: Dazzling Spray
Press: ? - help, Shift-Dir - straight line, f - ogre
Aim: an ogre, wielding a giant club (lightly wounded)
The spray of energy hits the ogre.
The ogre is moderately wounded.
The ogre is dazzled.
The spray of energy hits the worm.
The worm is moderately wounded.
The worm is dazzled.
You are feeling hungry.
The ogre completely misses you.
You barely miss the ogre.
The ogre is moderately wounded.
You hit the ogre.
The ogre is heavily wounded.
The ogre hits you with a giant club!
Ouch! That really hurt!
You die...

. #####. ....
.....#..... .
#.#..#....... ...
###>#..#.......
....#...#..........
........#.#..<...
.....w.@.........
.......O.).#..##
...........#..#
........##.<..#
........###..>.....
........# #........
.#.###### ##.##....
#. .# ... .# ..


You could see an ogre (blind) and a worm (blind).

Vanquished Creatures
  An orc wizard (D:4)
  5 adders (D:2)
  A worm (D:3)
  2 dart slugs (D:2)
  3 giant geckos
  An orc (D:3)
  3 giant cockroaches
  5 goblins
  12 hobgoblins
  A quokka (D:2)
  A ball python (D:2)
  7 bats
  2 giant newts
  7 kobolds
  10 rats
61 creatures vanquished.

Notes
Turn   | Place    | Note
--------------------------------------------------------------
     0 | D:1      | Ijustatesigmund the Deep Elf Conjurer began the quest for the Orb.
     0 | D:1      | Reached XP level 1. HP: 10/10 MP: 6/6
   224 | D:1      | Reached XP level 2. HP: 15/15 MP: 4/8
   228 | D:1      | Learned a level 2 spell: Searing Ray
   870 | D:2      | Reached XP level 3. HP: 19/19 MP: 5/9
  1050 | D:2      | Learned a level 3 spell: Dazzling Spray
  1233 | D:2      | Reached skill level 1 in Short Blades
  1513 | D:2      | Reached XP level 4. HP: 24/24 MP: 6/10
  2177 | D:2      | Reached skill level 5 in Conjurations
  2737 | D:4      | Reached skill level 1 in Hexes
  2738 | D:4      | Noticed an ogre
  2746 | D:4      | Slain by an ogre

Vault maps used:
D:1:      saegor_arrival_simple_e
D:2:      minmay_distorted
D:3:      gammafunk_temple_overflow_wave, fedhas_altar_4, first_bread
D:4:      kennysheep_kobold_camp, st_stairs_10, kennysheep_generic_room_15,
          uniq_pikel, uniq_natasha

Skill      XL: |  1  2  3  4 |
---------------+-------------+-----
Stealth        | 3 |  3.6
Dodging        | 3 |  3.4
Short Blades   | 1 2 |  2.0
Conjurations   | 5 |  5.3
Hexes          | 1 |  1.5
Spellcasting   | |  3.0

Action                   |  1- 3 |  4- 6 || total
-------------------------+-------+-------++-------
Melee: Short sword       |     8 |    16 ||    24
 Cast: Magic Dart        |    84 |    43 ||   127
       Dazzling Spray    |       |     2 ||     2
  Use: Scroll            |     7 |     3 ||    10
 Stab: Invisible         |       |     1 ||     1
       Sleeping          |       |     1 ||     1
  Eat: Chunk             |     2 |     3 ||     5
Armor: Robe              |     2 |     1 ||     3
Dodge: Dodged            |    15 |    10 ||    25
